Description

Lambo vs heromarine in playin stage https://liquipedia.net/starcraft2/Esports_World_Cup/2025

Build Order

Get SALT Encoding   

  12  0:00  Drone  
  13  0:08  Drone  
  14  0:14  Extractor, Drone  
  15  0:21  Overlord  
  15  0:39  Drone  
  16  0:44  Hatchery  
  16  0:48  Drone x2  
  16  0:55  Drone  
  18  1:05  Extractor  
  18  1:10  Spawning Pool  
  16  1:13  Drone x2  
  18  1:26  Drone  
  21  1:56  Queen x2  
  21  1:58  Zergling x4  
  28  2:11  Overlord  
  28  2:18  Hatchery  
  31  2:38  Queen  
  31  2:42  Overlord  
  43  3:18  Roach Warren  
  42  3:20  Overlord, Extractor x2  
  42  3:28  Overlord  
  48  3:54  Metabolic Boost  
  48  3:56  Evolution Chamber  
  48  4:01  Roach x4  
  55  4:07  Spore Crawler  
  55  4:09  Roach x3  
  58  4:11  Evolution Chamber  
  58  4:16  Spore Crawler  
  58  4:21  Evolution Chamber  
  58  4:23  Roach x2  
  63  4:30  Spore Crawler  
  63  4:32  Roach  
  73  4:42  Zergling x12  
  77  4:50  Zergling x2  
  81  5:04  Ravager x3  
  84  5:07  Zergling x2  
  94  5:22  Ravager x2  
  93  5:30  Ravager  
  92  5:44  Lair  
  91  5:54  Queen  
  78  6:15  Ravager  
Spawning Tool Build Advisor. Get it on Overwolf

Go to:

Details

  • Created by: maticz
  • Published on: Sep 03, 2025
  • Modified on: Sep 03, 2025
  • Patch: 5.0.11
  • Difficulty: Easy
Show
View Real Time Build Order
Export as new Build Order

Comments (0)

There are no comments. Be the first!

Create an account to comment!